 Dungeon Crawl Stone Soup version 0.16-a0-3354-g045d5c7 (webtiles) character file.

3242 BluebellGnoll the Cleaver (level 9, 77/79 HPs)
             Began as a Minotaur Fighter on Dec 29, 2014.
             Quit the game on level 1 of the Abyss.
             The game lasted 00:27:36 (6024 turns).

BluebellGnoll the Cleaver (Minotaur Fighter)        Turns: 6024, Time: 00:27:36

Health: 77/79      AC:  8    Str: 23    XL:     9   Next: 67%
Magic:  3/3        EV:  8    Int:  3    God:
Gold:   331        SH: 11    Dex:  9    Spells: 0 memorised, 8 levels left

rFire  . . .     SeeInvis .     y - +0 hand axe (chop)
rCold  + . .     Clarity  .     f - +2 scale mail {MR+}
rNeg   . . .     SustAb   .     c - +0 shield
rPois  .         Gourm    .     (helmet restricted)
rElec  .         Spirit   .     x - +0 cloak
rCorr  .         Warding  .     (no gloves)
rMut   .         Rnd*Tele +     n - +0 pair of boots
MR     +....                    A - amulet of regeneration (curse)
Stlth  ..........               (no ring)
                                w - ring of protection from cold

@: somewhat resistant to hostile enchantments, extremely unstealthy
A: retaliatory headbutt, horns 2, deformed body, deterioration 2, dopey 1, low
mp 1, teleportitis 1, weak 1, no device heal 1
a: no special abilities


You were on level 1 of the Abyss.
You were hungry.

You visited 2 branches of the dungeon, and saw 7 of its levels.
You visited the Abyss 1 time.
You also visited: Ossuary.

You collected 331 gold pieces.

Inventory:

Hand weapons
 y - a +0 hand axe of chopping (weapon)
 C - a +0 blowgun
Missiles
 o - 18 bolts
 D - 5 curare-tipped needles
 E - 2 tomahawks (quivered)
Armour
 c - a +0 shield (worn)
 f - a +2 scale mail of magic resistance (worn)
 n - a +0 pair of boots (worn)
 x - a +0 cloak (worn)
Jewellery
 w - a ring of protection from cold (left hand)
 A - a cursed amulet of regeneration (around neck)
Magical devices
 B - a wand of polymorph (5)
Scrolls
 g - a scroll of fear {unknown}
 l - 4 scrolls of recharging {unknown}
 p - 3 scrolls of blinking {unknown}
 q - 5 scrolls of fog {unknown}
 r - a scroll of noise {unknown}
 u - 2 scrolls of enchant weapon {unknown}
 z - 2 scrolls of identify
 G - a scroll of remove curse
Potions
 a - 2 potions of heal wounds
 i - 2 potions of restore abilities
 j - 4 potions of curing
 k - 3 potions of agility
 m - a potion of haste
 t - a potion of cancellation
 v - a potion of magic {unknown}
Comestibles
 b - a beef jerky
 d - 4 bread rations
 h - a meat ration
 s - 7 fruits


   Skills:
 * Level 7.2 Fighting
 - Level 12.2 Axes
 - Level 3.6 Armour
 * Level 9.5 Shields


You had 8 spell levels left.
You didn't know any spells.

Dungeon Overview and Level Annotations

Branches:
Dungeon (6/15)             Temple (1/1) D:5

Altars:
Ashenzari
Cheibriados
Dithmenos
Fedhas
Gozag
Kikubaaqudgha
Nemelex Xobeh
Qazlal
Sif Muna
Trog
Vehumet
Xom
Yredelemnul
Zin
The Shining One

Annotations:
D:6 Dowan, Duvessa


Innate Abilities, Weirdness & Mutations

You reflexively headbutt those who attack you in melee.
You have a pair of horns on your head.
[Armour fits poorly on your strangely shaped body.]
[Your body is deteriorating.]
[You are dopey. (Int -2)]
[Your magical capacity is low (-10% MP).]
[Space occasionally distorts in your vicinity.]
[You are weak. (Str -2)]
[Potions and wands are less effective at restoring your health.]


Message History

A wretched star comes into view.
The wretched star glows turbulently.
The orb of energy hits you!
The orb of energy explodes!
A small abomination comes into view.
The wretched star pulses with an eldritch light!
You feel weaker.
Your body twists and deforms.
Found a crystal ball of energy.
You block the small abomination's attack.
The wretched star pulses with an eldritch light!
You feel yourself wasting away.
You feel stupid.
Your system partially rejects artificial healing.
You feel weirdly uncertain.
The wretched star pulses with an eldritch light!
You feel yourself wasting away.
You feel less energetic.
Found 30 gold pieces.
Found a scroll labeled UDIGAO CHUSU.
A worldbinder comes into view.
The worldbinder calls forth creatures from the Elven Halls!
You see here a scroll labeled UDIGAO CHUSU.
Are you sure you want to abandon this character and quit the game? (Confirm with "yes".)

## . .## ..# #...#
#.# ##...≈≈≈
..###.##..≈≈≈≈.. .
#..##..♣≈≈≈..
#.#...#≈≈≈≈.#
.#..≈♣x≈≈@..# #
#.≈≈e≈..x...#.#
≈≈≈≈.#.?##.....###
≈. ##D##..###..
#..#.....#
#..D###.##
#..###.....#
##..####.#.#
.##... ...


You could see a bone dragon, a worldbinder, a deep elf fighter and a small
abomination.

Vanquished Creatures
  Pikel (D:6)
  Grinder (D:6)
  Menkaure (D:6)
  4 slaves (D:6)
  An orc warrior (D:6)
  An ogre (D:5)
  3 centaurs
  12 scorpions
  The ghost of archlich the Vexing, a weakling DsEn (D:6)
  3 crimson imps
  A goliath beetle (D:6)
  2 hounds
  A quasit (D:6)
  3 human zombies (Ossuary)
  4 centaur zombies (Ossuary)
  2 iguanas
  A centaur skeleton (D:4)
  5 orc priests
  A jelly (D:5)
  7 orc wizards
  3 worker ants
  2 big kobold zombies (Ossuary)
  3 mummies (Ossuary)
  A worker ant zombie (D:5)
  8 gnolls
  3 scorpion zombies (Ossuary)
  7 adders
  A giant mite (D:5)
  2 shadow imps
  3 worms
  An adder zombie (D:5)
  2 giant geckos (D:2)
  2 oozes
  29 orcs
  2 bat skeletons
  A bat zombie (D:4)
  2 giant cockroaches
  3 gnoll zombies (Ossuary)
  9 hobgoblins
  17 jackals
  11 kobolds
  3 quokkas
  4 ball pythons
  14 bats
  4 giant newts
  10 goblins
  6 goblin zombies
  A hobgoblin zombie (Ossuary)
  A kobold zombie (Ossuary)
  2 orc zombies (Ossuary)
  10 rats
  A rat zombie (D:4)
223 creatures vanquished.

Notes
Turn   | Place    | Note
--------------------------------------------------------------
     0 | D:1      | BluebellGnoll, the Minotaur Fighter, began the quest for the Orb.
     0 | D:1      | Reached XP level 1. HP: 19/19 MP: 1/1
   133 | D:1      | Reached XP level 2. HP: 17/26 MP: 1/1
   480 | D:2      | Reached skill level 4 in Axes
   550 | D:2      | Reached XP level 3. HP: 29/31 MP: 2/2
   874 | D:2      | Found a stormy altar of Qazlal.
  1054 | D:2      | Reached skill level 5 in Axes
  1256 | D:3      | Reached XP level 4. HP: 39/39 MP: 2/2
  1515 | D:3      | Reached skill level 6 in Axes
  1688 | D:3      | Reached XP level 5. HP: 45/45 MP: 2/2
  2549 | D:4      | Reached skill level 7 in Axes
  2758 | D:4      | Found Evuemun's Food Shoppe.
  2768 | D:4      | Reached XP level 6. HP: 49/51 MP: 3/3
  2774 | D:4      | Reached skill level 8 in Axes
  2827 | D:4      | Found a sand-covered staircase.
  2939 | Ossuary  | Entered an ossuary
  2985 | Ossuary  | Reached skill level 9 in Axes
  2991 | Ossuary  | Reached XP level 7. HP: 49/57 MP: 3/3
  3021 | Ossuary  | Reached skill level 10 in Axes
  3146 | Ossuary  | Reached skill level 11 in Axes
  3162 | Ossuary  | Reached XP level 8. HP: 29/64 MP: 3/3
  3578 | D:4      | Reached skill level 12 in Axes
  3902 | D:4      | Found an ancient bone altar of Kikubaaqudgha.
  3906 | D:4      | Identified Kikubaaqudgha's Tome of Stolen Souls
  3911 | D:4      | Found a deep blue altar of Sif Muna.
  3915 | D:4      | Identified Sif Muna's Disquisition on the Glacier
  3920 | D:4      | Found a radiant altar of Vehumet.
  3924 | D:4      | Identified Vehumet's Grimoire of Confrontation
  4154 | D:5      | Entered Level 5 of the Dungeon
  4154 | D:5      | Found a staircase to the Ecumenical Temple.
  4174 | Temple   | Entered the Ecumenical Temple
  4567 | D:5      | Reached skill level 5 in Shields
  4788 | D:5      | Found a shattered altar of Ashenzari.
  4871 | D:5      | Found a basalt altar of Yredelemnul.
  4872 | D:5      | Found a shadowy altar of Dithmenos.
  4903 | D:5      | Saw a vision of the Swamp and the Snake Pit.
  4903 | D:5      | Noticed a black mamba
  4903 | D:5      | Noticed an alligator
  4903 | D:5      | Noticed a naga sharpshooter
  4903 | D:5      | Noticed a mana viper
  4903 | D:5      | Noticed a mana viper
  4904 | D:5      | Noticed an alligator
  4907 | D:5      | Noticed a baby alligator
  4907 | D:5      | Noticed a baby alligator
  4908 | D:5      | Noticed a baby alligator
  4911 | D:5      | Noticed a baby alligator
  5294 | D:6      | Noticed Grinder
  5310 | D:6      | Killed Grinder
  5310 | D:6      | Reached skill level 5 in Fighting
  5310 | D:6      | Reached XP level 9. HP: 72/74 MP: 4/4
  5361 | D:6      | Noticed Pikel
  5386 | D:6      | Killed Pikel
  5662 | D:6      | Noticed archlich's ghost (weakling DsEn)
  5668 | D:6      | Killed archlich's ghost
  5670 | D:6      | Noticed Menkaure
  5677 | D:6      | Killed Menkaure
  5710 | D:6      | Found a snail-covered altar of Cheibriados.
  5896 | D:6      | Noticed Dowan
  5897 | D:6      | Noticed Duvessa
  5919 | D:6      | Cast into the Abyss (Duvessa)
  5957 | Abyss:1  | Noticed a bone dragon
  5983 | Abyss:1  | Noticed a wretched star
  6020 | Abyss:1  | Noticed a worldbinder
  6024 | Abyss:1  | Quit the game

Action                   |  1- 3 |  4- 6 |  7- 9 || total
-------------------------+-------+-------+-------++-------
Melee: War axe           |    74 |       |       ||    74
       Hand axe          |    21 |   165 |   517 ||   703
       Unarmed           |       |       |    10 ||    10
Throw: Tomahawk          |       |       |     2 ||     2
  Use: Scroll            |     2 |     1 |     9 ||    12
       Potion            |       |     1 |     1 ||     2
  Eat: Chunk             |     1 |     6 |     9 ||    16
       Beef jerky        |       |       |     1 ||     1
